 Dungeon Crawl Stone Soup version 0.31-a0-1597-ge7908ec95f (webtiles) character file.

Game seed: 5433065372909362788

113831 Conn the Thaumaturge (level 16, -1/86 HPs)
             Began as an Octopode Fire Elementalist on Jan 7, 2024.
             Was a High Priest of Vehumet.
             Killed from afar by a deep elf zephyrmancer (37 damage)
             ... with a bolt of lightning
             ... on level 2 of the Elven Halls.
             The game lasted 02:12:06 (30940 turns).

Conn the Thaumaturge (Octopode Fire Elementalist)  Turns: 30940, Time: 02:12:07

Health: -1/86      AC: 15    Str: 10    XL:     16   Next: 64%
Magic:  0/43       EV: 16    Int: 45    God:    Vehumet [*****.]
Gold:   171        SH: 12    Dex: 13    Spells: 5/43 levels left

rFire   + . .        y - staff of fire
rCold   + . .        B - +0 kite shield of Irksome Creativity {rPois Str+2 Int+3}
rNeg    . . .        L - +2 hat
rPois   +            P - amulet of guardian spirit
rElec   .            p - +6 ring of intelligence
rCorr   .            F - +4 ring of protection
SInv    .            M - +6 ring of intelligence
Will    +....        N - +6 ring of intelligence
Stlth   ++++         O - +4 ring of protection
HPRegen 0.34/turn    S - ring of magical power
MPRegen 0.28/turn    K - +4 ring of protection
                     G - ring of Zerima {rC+ Slay+3}

%: guardian spirit
@: lethally poisoned (-1 -> -2), studying 2 skills
A: almost no armour, amphibious, 8 rings, camouflage 1, gelatinous body 1,
(nimble swimmer 1), tentacles
a: Renounce Religion


You were on level 2 of the Elven Halls.
You worshipped Vehumet.
Vehumet was extremely pleased with you.
You visited 4 branches of the dungeon, and saw 19 of its levels.
You also visited: Bailey.

You collected 3207 gold pieces.
You spent 3036 gold pieces at shops.

Inventory:

Hand Weapons
 d - the +7 dagger of Coer {freeze, rElec rC++ Int-2}
   (You bought it in a shop on level 2 of the Orcish Mines)

   Int-2:     It affects your intelligence (-2).
   rC++:      It greatly protects you from cold.
   rElec:     It insulates you from electricity.
 W - the +1 dagger "Igrum" {vamp, rElec rPois Str+3}
   (You bought it in a shop on level 2 of the Orcish Mines)

   Str+3:     It affects your strength (+3).
   rElec:     It insulates you from electricity.
   rPois:     It protects you from poison
Missiles
 A - 5 throwing nets
 Q - 5 curare-tipped darts
 Y - 3 darts of dispersal
Armour
 B - the +0 kite shield of Irksome Creativity (worn) {rPois Str+2 Int+3}
   (You found it on level 5 of the Dungeon)

   Str+2:     It affects your strength (+2).
   Int+3:     It affects your intelligence (+3).
   rPois:     It protects you from poison
 L - a +2 hat (worn)
Magical Staves
 e - a staff of cold
 y - a staff of fire (weapon)
Jewellery
 p - a +6 ring of intelligence (left tentacle)
 F - a +4 ring of protection (right tentacle)
 G - the ring of Zerima (on tentacle) {rC+ Slay+3}
   (You acquired it on level 9 of the Dungeon)

   [ring of protection from cold]

   Slay+3:    It affects your accuracy & damage with ranged weapons and melee
   (+3).
   rC+:       It protects you from cold.
 K - a +4 ring of protection (on tentacle)
 M - a +6 ring of intelligence (on tentacle)
 N - a +6 ring of intelligence (on tentacle)
 O - a +4 ring of protection (on tentacle)
 P - an amulet of guardian spirit (around mantle)
 S - a ring of magical power (on tentacle)
 U - a ring of protection from cold
 V - a ring of protection from fire
 X - a ring of wizardry
Wands
 x - a wand of iceblast (15)
 E - a wand of charming (19)
 H - a wand of polymorph (32)
 I - a wand of mindburst (13)
 Z - a wand of acid (2)
Scrolls
 f - 2 scrolls of enchant weapon
 g - 10 scrolls of teleportation
 i - a scroll of silence
 j - 3 scrolls of amnesia
 k - 3 scrolls of vulnerability
 m - 4 scrolls of immolation
 q - 4 scrolls of identify
 t - a scroll of torment
 v - 5 scrolls of revelation
 w - 2 scrolls of summoning
 z - 4 scrolls of fog
 C - 4 scrolls of poison
 R - 4 scrolls of enchant armour
Potions
 a - a potion of magic
 b - 2 potions of berserk rage
 c - a potion of enlightenment
 h - 3 potions of lignification
 l - 2 potions of mutation
 n - 6 potions of curing
 o - a potion of invisibility
 r - a potion of haste
 s - a potion of cancellation
 u - a potion of heal wounds
 D - 3 potions of might
 T - a potion of resistance
Miscellaneous
 J - a phantom mirror


   Skills:
 * Level 10.6 Dodging
 - Level 6.0 Stealth
 + Level 11.4 Shields
 * Level 14.3 Spellcasting
 + Level 11.9 Conjurations
 + Level 6.2 Hexes
 - Level 7.0 Summonings
 * Level 14.0 Fire Magic
 + Level 5.2 Ice Magic
 - Level 3.3 Earth Magic
 - Level 3.0 Alchemy


You had 5 spell levels left.
You knew the following spells:

 Your Spells              Type           Power      Damage    Failure   Level
a - Foxfire               Conj/Fire      100%       2x1d9     0%          1
b - Scorch                Fire           100%       2d9       0%          2
c - Inner Flame           Hex/Fire       100%       N/A       1%          3
d - Flame Wave            Conj/Fire      100%       2d21      1%          4
e - Stone Arrow           Conj/Erth      100%       3d13      1%          3
f - Brom's Barrelling Bo  Conj/Erth      79%        2d9       1%          4
g - Summon Small Mammal   Summ           100%       N/A       1%          1
h - Mephitic Cloud        Conj/Alch/Air  67%        N/A       1%          3
i - Iskenderun's Mystic   Conj/Tloc      72%        2d15      1%          4
j - Metabolic Englaciati  Hex/Ice        35%        N/A       6%          5
k - Fireball              Conj/Fire      61%        3d23      1%          5
l - Ozocubu's Armour      Ice            68%        N/A       1%          3

Your spell library contained the following spells:

 Spells                   Type           Power      Damage    Failure   Level
 Yara's Violent Unravell  Hex/Alch       32%        3d13      2%          5
 Sandblast                Erth           100%       2d20      1%          1
 Shock                    Conj/Air       100%       1d9       1%          1
 Sting                    Conj/Alch      100%       1d9       1%          1
 Dazzling Flash           Conj/Hex       100%       N/A       1%          3
 Frozen Ramparts          Ice            100%       1d16      1%          3
 Passwall                 Erth           58%        N/A       1%          3
 Tukima's Dance           Hex            73%        N/A       1%          3
 Volatile Blastmotes      Fire/Tloc      100%       2d18      1%          3
 Olgreb's Toxic Radiance  Alch           56%        N/A       1%          4
 Arcjolt                  Conj/Air       36%        1d46      1%          5
 Apportation              Tloc           64%        N/A       2%          1
 Necrotise                Necr           100%       1d9       2%          1
 Fugue of the Fallen      Necr           32%        N/A       6%          3
 Dimensional Bullseye     Hex/Tloc       28%        N/A       6%          4
 Leda's Liquefaction      Alch/Erth      28%        N/A       6%          4
 Petrify                  Alch/Erth      57%        N/A       6%          4
 Alistair's Intoxication  Alch           37%        N/A       17%         5
 Dispel Undead            Necr           32%        3d14      22%         4
 Manifold Assault         Tloc           32%        N/A       22%         4
 Borgnjor's Vile Clutch   Necr/Erth      23%        N/A       30%         5
 Eringya's Noxious Bog    Alch           28%        4d6       24%         6
 Ozocubu's Refrigeration  Ice            34%        4d15      45%         7
 Lehudib's Crystal Spear  Conj/Erth      39%        10d10     80%         8
 Death Channel            Necr           16%        N/A       97%         6
 Discord                  Hex            36%        N/A       100%        8
 Animate Armour           Summ/Erth      Unusable   N/A       N/A         4

Dungeon Overview and Level Annotations

Branches:
Dungeon (10/15)            Temple (0/1) D:7            Lair (5/5) D:10
  Swamp (0/4) Lair:2       Spider (0/4) Lair:3        Slime (0/5) Lair:5
    Orc (2/2) D:10            Elf (2/3) Orc:2        Bailey (visited)

Altars:
Ashenzari
Cheibriados
Dithmenos
Gozag
Hepliaklqana
Makhleb
Okawaru
Sif Muna
Trog
Vehumet
Wu Jian
Xom
Yredelemnul

Shops:
D:8 *   D:10 =   Orc:1 [   Orc:2 (*:((   Elf:2 **(*

Annotations:
Lair:5 exclusion: obsidian statue
Elf:1 Himuck's ghost, adept OpFE


Innate Abilities, Weirdness & Mutations

You cannot wear most types of armour.
You are amphibious.
You can wear up to eight rings at the same time.
Your skin changes colour to match your surroundings (Stealth+).
Your rubbery body absorbs attacks. (AC +1, EV +1)
((You are camouflaged when in or above water. (Stealth+)))
You have tentacles for arms and can constrict up to eight enemies at once.


Message History

Confirm with . or Enter, or press ? or * to list all spells.
You erupt in a blast of force!
The mystic blast hits the +1 long sword of freezing!!
The +1 long sword of freezing falls from the air.
Vehumet accepts your kill.
You feel sick.
A +1 scimitar of holy wrath comes into view.
Unknown command.
Unknown command.
Casting: Iskenderun's Mystic Blast (mildly dangerous; 1% risk of failure)
Confirm with . or Enter, or press ? or * to list all spells.
You erupt in a blast of force!
The mystic blast hits the +0 trident of venom!
The +0 trident of venom falls from the air.
Vehumet accepts your kill.
You feel sick.
A deep elf zephyrmancer comes into view.
It is wielding a +0 rapier.
Unknown command.
Unknown command.
You feel sick.
The deep elf zephyrmancer casts a spell at you.
The bolt of lightning hits you!!
Unknown command.
You feel sick.
Casting: Iskenderun's Mystic Blast (mildly dangerous; 1% risk of failure)
Confirm with . or Enter, or press ? or * to list all spells.
Aiming: Mephitic Cloud (safe; 1% risk of failure)
Press: ? - help, Shift-Dir - straight line, f - deep elf knight
Aim: a deep elf knight, wielding a +0 scimitar and wearing a +0 buckler (chance to affect: 48%)
The ball explodes into a vile cloud!
The stinking cloud engulfs the deep elf knight.
You feel sick.
A +1 battleaxe of freezing comes into view.
The deep elf knight is engulfed in noxious fumes.
The deep elf knight appears confused.
A deep elf knight comes into view. It is wielding a +0 short sword.
The deep elf zephyrmancer gestures at you while chanting.
The bolt of lightning hits the fire elemental!
The fire elemental resists.
The bolt of lightning hits you!!!
You die...

.°○......# ...e○ee(.(#
.....○○....##
.....○..).#.#
#....e○..#(.#
#....E.#§§.#
#....#e§§.#
#...........#..#.....#
.............##.@....#
.............##......#
#...........#..#.....#
.#.........#....#....#
..#.......#......#...#
...#.....#........#..#
....#...#..........#.#
.....###............##
.....# #............#


You could see 2 deep elf knights, a deep elf pyromancer, a deep elf
zephyrmancer, a fire elemental (summoned) and a +1 battleaxe of freezing.

Vanquished Creatures
  4 deep elf blademasters (Elf:1)
  Kirke (Lair:4)
  A deep elf elementalist (Elf:1)
  2 orc warlords (Orc:1)
  Nessos (Lair:4)
  4 deep elf annihilators
  4 dire elephants (Lair:5)
  An ettin (Orc:2)
  The ghost of temujin the Destroyer, a journeyman HuCj of Sif Muna (Lair:3)
  A catoblepas (Lair:5)
  3 hydras (Lair:3)
  A two-headed ogre (Orc:1)
  14 dancing weapons
  A death yak (Lair:5)
  An orc high priest (Orc:2)
  7 deep elf knights
  2 spectral death yaks (Lair:5)
  2 skysharks
  A spectral anaconda (Lair:5)
  5 skeletal warriors (D:9)
  6 deep elf archers
  13 deep elf zephyrmancers
  12 orc knights
  Pikel (D:4)
  4 necromancers (Lair:5)
  18 deep elf pyromancers
  7 orc sorcerers
  An oklob plant (Lair:3)
  3 cyclopes (Orc:2)
  A faun (shapeshifter) (Elf:1)
  Maurice (D:8)
  2 moths of wrath (Elf:1)
  A kobold blastminer (Orc:2)
  18 elephants
  4 black mambas
  A black mamba (shapeshifter) (Elf:1)
  18 cane toads
  3 rime drakes
  6 komodo dragons
  4 kobold demonologists
  A dire elephant skeleton (Lair:5)
  3 polar bears
  2 hornets (D:9)
  6 trolls
  6 saltlings (Orc:2)
  16 blink frogs
  3 jumping spiders (Lair:3)
  A spectral elephant (Lair:5)
  An air elemental (Elf:1)
  A wraith (D:8)
  5 wyverns
  51 yaks
  A fire elemental (Elf:2)
  A water elemental (Elf:1)
  6 basilisks
  6 hogs (Lair:4)
  A redback (shapeshifter) (Elf:2)
  2 redbacks (Lair:3)
  2 wargs (Orc:2)
  13 water moccasins
  Duvessa (D:7)
  34 orc warriors
  2 sky beasts (D:7)
  5 black bears
  An elephant zombie (Lair:5)
  The ghost of deyja the Chopper, an amateur HOMo (D:4)
  4 ice beasts
  2 centaurs (D:9)
  10 ogres
  26 wolves
  3 kobold brigands
  13 bullfrogs
  Blork the orc (D:5)
  A cane toad simulacrum (Lair:5)
  3 scorpions
  5 earth elementals
  3 wights (D:7)
  Dowan (D:7)
  An elephant simulacrum (Lair:5)
  4 killer bees (D:9)
  A howler monkey (D:4)
  7 electric eels
  2 bullfrog zombies (D:4)
  2 jellies
  7 orc priests
  A gnoll bouda (D:5)
  A hound (D:6)
  4 sleepcaps
  5 iguanas
  14 orc wizards
  Robin (D:4)
  19 gnolls
  5 adders
  2 shadow imps
  2 ufetubi (D:7)
  3 dart slugs
  49 orcs
  3 ball pythons
  3 bats
  6 endoplasms
  3 giant cockroaches
  13 hobgoblins
  4 jackals (D:5)
  5 quokkas
  2 frilled lizards
  24 goblins
  16 kobolds
  2 rats
  2 boulders
638 creatures vanquished.

Vanquished Creatures (collateral kills)
  A deep elf pyromancer (Elf:2)
  19 boulders
  20 foxfires
40 creatures vanquished.

Vanquished Creatures (others)
  A deep elf pyromancer (Elf:2)
  27 boulders
  1533 foxfires
1561 creatures vanquished.

Grand Total: 2239 creatures vanquished

Notes
Turn   | Place    | Note
-------+----------+-------------------------------------------
     0 | D:1      | Conn the Octopode Fire Elementalist began the quest for the
                  | Orb.
     0 | D:1      | Reached XP level 1. HP: 11/11 MP: 3/3
   135 | D:1      | Reached XP level 2. HP: 17/17 MP: 0/5
   631 | D:1      | Reached XP level 3. HP: 21/21 MP: 0/6
  1160 | D:1      | Learned a level 2 spell: Scorch
  1164 | D:1      | Learned a level 3 spell: Inner Flame
  1326 | D:2      | Reached XP level 4. HP: 27/27 MP: 0/7
  2430 | D:3      | Reached XP level 5. HP: 31/31 MP: 3/8
  2570 | D:3      | Noticed a black bear
  2577 | D:3      | Killed a black bear
  2578 | D:3      | Reached skill level 1 in Hexes
  2578 | D:3      | Reached XP level 6. HP: 36/36 MP: 1/10
  3286 | D:4      | Noticed Robin
  3305 | D:4      | Found a burning altar of Makhleb.
  3312 | D:4      | Found a runed translucent gate.
  3331 | D:4      | Found a transporter.
  3342 | D:4      | Found a transporter.
  3369 | D:4      | Killed Robin
  3571 | D:4      | Noticed Pikel
  3580 | D:4      | Killed Pikel
  3581 | D:4      | Reached skill level 5 in Stealth
  3581 | D:4      | Reached XP level 7. HP: 31/41 MP: 0/12
  3688 | D:4      | Found a radiant altar of Vehumet.
  3696 | D:4      | Became a worshipper of Vehumet
  3734 | D:4      | Learned a level 4 spell: Flame Wave
  3738 | D:4      | Learned a level 3 spell: Stone Arrow
  3746 | D:4      | Found a runed translucent gate.
  3746 | D:4      | Found a runed translucent gate.
  3747 | D:4      | Noticed deyja's ghost (amateur HOMo)
  3783 | D:4      | You fall into a shaft and drop 2 floors!
  3794 | D:6      | Reached XP level 8. HP: 46/46 MP: 7/13
  3859 | D:5      | Entered Level 5 of the Dungeon
  3864 | D:5      | Reached skill level 1 in Earth Magic
  4185 | D:4      | Found a snail-covered altar of Cheibriados.
  4511 | D:4      | Killed deyja's ghost
  4512 | D:4      | Reached skill level 5 in Conjurations
  4919 | D:5      | Reached * piety under Vehumet
  4919 | D:5      | Offered knowledge of Shock by Vehumet.
  4920 | D:5      | Reached skill level 5 in Fire Magic
  4933 | D:5      | Noticed Blork the orc
  5046 | D:5      | Found a hazy altar of Hepliaklqana.
  5073 | D:5      | Reached XP level 9. HP: 51/51 MP: 10/15
  5129 | D:5      | Killed Blork the orc
  5279 | D:5      | Identified the +0 kite shield of Irksome Creativity {rPois
                  | Str+2 Int+3}
  5905 | D:6      | Reached skill level 1 in Shields
  6089 | D:6      | Reached skill level 5 in Spellcasting
  6404 | D:6      | Found a basalt altar of Yredelemnul.
  6404 | D:6      | Found an iron altar of Okawaru.
  6423 | D:6      | Found a shimmering altar of Xom.
  6424 | D:6      | Found a broken altar of Ashenzari.
  6425 | D:6      | Found a shadowy altar of Dithmenos.
  6878 | D:7      | Found a bloodstained altar of Trog.
  6879 | D:7      | Noticed Dowan
  6882 | D:7      | Noticed Duvessa
  6886 | D:7      | Killed Dowan
  6887 | D:7      | Reached skill level 5 in Dodging
  6890 | D:7      | Killed Duvessa
  7060 | D:7      | Learned a level 4 spell: Brom's Barrelling Boulder
  7346 | D:7      | Reached ** piety under Vehumet
  7451 | D:7      | Found a staircase to the Ecumenical Temple.
  7509 | D:7      | Found an ornate altar of the Wu Jian Council.
  7549 | D:7      | Offered knowledge of Sting by Vehumet.
  7969 | D:8      | Noticed Maurice
  7974 | D:8      | Reached XP level 10. HP: 23/56 MP: 9/18
  7975 | D:8      | Killed Maurice
  8121 | D:8      | Found Ea-nāṣir's Fine Metal Goods.
  8675 | D:8      | Learned a level 1 spell: Summon Small Mammal
  8903 | D:9      | Identified a scroll of acquirement
  8904 | D:9      | Acquired the ring of Zerima {rC+ Slay+3}
  8926 | D:9      | Noticed a skeletal warrior
  8932 | D:9      | Noticed a skeletal warrior
  8933 | D:9      | Noticed a skeletal warrior
  8939 | D:9      | Noticed a skeletal warrior
  9121 | D:9      | Found a flagged portal.
  9130 | Bailey   | Entered a bailey
  9259 | Bailey   | Noticed a kobold demonologist
  9269 | Bailey   | Killed a kobold demonologist
  9481 | Bailey   | Noticed an orc knight
  9492 | Bailey   | Killed an orc knight
  9493 | Bailey   | Reached skill level 1 in Summonings
  9503 | Bailey   | Offered knowledge of Mephitic Cloud by Vehumet.
  9670 | Bailey   | Noticed a kobold demonologist
  9697 | Bailey   | Reached skill level 5 in Hexes
  9718 | Bailey   | Reached skill level 5 in Shields
  9831 | Bailey   | Noticed an orc knight
  9852 | Bailey   | Killed an orc knight
  9979 | Bailey   | Reached *** piety under Vehumet
 10002 | Bailey   | Killed a kobold demonologist
 10152 | Bailey   | Acquired 810 gold pieces
 10194 | Bailey   | Learned a level 3 spell: Mephitic Cloud
 10358 | Bailey   | Found an iron altar of Okawaru.
 10364 | Bailey   | Reached XP level 11. HP: 61/61 MP: 16/21
 10498 | D:9      | Noticed a skeletal warrior
 10508 | D:10     | Entered Level 10 of the Dungeon
 10686 | D:10     | Found Fumnaas's Jewellery Emporium.
 10689 | D:10     | Bought a +6 ring of intelligence for 360 gold pieces
 10689 | D:10     | Bought a +6 ring of intelligence for 360 gold pieces
 10689 | D:10     | Bought a +4 ring of protection for 360 gold pieces
 10689 | D:10     | Bought an amulet of guardian spirit for 300 gold pieces
 10715 | D:10     | Reached skill level 1 in Alchemy
 10838 | D:10     | Found a staircase to the Lair.
 10867 | D:10     | Found a staircase to the Orcish Mines.
 10947 | D:10     | Offered knowledge of Dazzling Flash by Vehumet.
 11091 | D:10     | Found a shimmering blue altar of Sif Muna.
 11128 | D:10     | Noticed a sixfirhy
 11642 | D:9      | Identified the +7 sling of Doubt {antimagic, ^Drain Fly
                  | rCorr Int+2}
 11659 | D:9      | Killed a skeletal warrior
 11659 | D:9      | Killed a skeletal warrior
 11687 | D:9      | Killed a skeletal warrior
 12023 | D:9      | Killed a skeletal warrior
 12236 | D:9      | Reached **** piety under Vehumet
 12343 | D:9      | Killed a skeletal warrior
 12550 | D:9      | Offered knowledge of Airstrike by Vehumet.
 12614 | D:9      | Found an opulent altar of Gozag.
 12643 | D:9      | Reached XP level 12. HP: 55/66 MP: 11/24
 13006 | Lair:1   | Entered Level 1 of the Lair of Beasts
 14291 | Lair:2   | Reached skill level 5 in Summonings
 14297 | Lair:2   | Reached ***** piety under Vehumet
 14308 | Lair:2   | Offered knowledge of Ignite Poison by Vehumet.
 15024 | Lair:2   | Found a staircase to the Swamp.
 15460 | Lair:3   | Reached XP level 13. HP: 47/71 MP: 8/26
 15496 | Lair:3   | Reached skill level 10 in Spellcasting
 15696 | Lair:3   | Learned a level 4 spell: Iskenderun's Mystic Blast
 15715 | Lair:3   | Found a hole to the Spider Nest.
 16553 | Lair:3   | Found the +1 robe of Vines {NoPotionHeal Regen++++}
 16712 | Lair:3   | Found a runed translucent door.
 16721 | Lair:3   | Noticed temujin's ghost (journeyman HuCj)
 16736 | Lair:3   | Killed temujin's ghost
 17022 | Lair:4   | Noticed Nessos
 17032 | Lair:4   | Killed Nessos
 17594 | Lair:4   | Offered knowledge of Arcjolt by Vehumet.
 18559 | Lair:4   | Learned a level 5 spell: Metabolic Englaciation
 18599 | Lair:4   | Noticed Kirke
 18695 | Lair:4   | Killed Kirke
 19108 | Lair:5   | Entered Level 5 of the Lair of Beasts
 19136 | Lair:4   | Reached XP level 14. HP: 52/76 MP: 8/29
 19862 | Lair:5   | Reached skill level 10 in Conjurations
 19997 | Lair:5   | Found a staircase to the Slime Pits.
 20591 | Lair:5   | Noticed a dire elephant
 20592 | Lair:5   | Noticed a dire elephant
 20600 | Lair:5   | Noticed a dire elephant
 20615 | Lair:5   | Noticed a dire elephant
 20615 | Lair:5   | Killed a dire elephant
 20616 | Lair:5   | Reached skill level 10 in Fire Magic
 22128 | Lair:5   | Reached skill level 1 in Ice Magic
 22188 | Lair:5   | Got the Codex of Battling
 22490 | Lair:5   | Learned a level 5 spell: Fireball
 22557 | Lair:5   | Killed a dire elephant
 22719 | Lair:5   | Killed a dire elephant
 22904 | Lair:5   | HP: 1/76 [dire elephant (18)]
 23175 | Lair:5   | Killed a dire elephant
 23175 | Lair:5   | Offered knowledge of Lee's Rapid Deconstruction by Vehumet.
 23176 | Lair:5   | Reached skill level 10 in Shields
 23504 | Orc:1    | Entered Level 1 of the Orcish Mines
 23593 | Orc:1    | Found Dewizirr's Armour Boutique.
 23748 | Orc:2    | Entered Level 2 of the Orcish Mines
 24150 | Orc:2    | Found a staircase to the Elven Halls.
 24296 | Orc:2    | Found Gestit's Book Shop.
 24425 | Orc:2    | Reached XP level 15. HP: 55/81 MP: 12/31
 25061 | Orc:2    | Noticed an orc warlord
 25692 | Orc:1    | Killed an orc warlord
 25864 | Orc:2    | Offered knowledge of Yara's Violent Unravelling by Vehumet.
 26317 | Orc:2    | Found Fist's Weapon Shop.
 26337 | Orc:2    | Found Irchurone's Antique Weapon Boutique.
 26339 | Orc:2    | Found Dofej's General Store.
 26350 | Orc:2    | Bought a manual of Fire Magic for 1200 gold pieces
 26354 | Orc:2    | Bought an ichor-stained dagger for 196 gold pieces
 26354 | Orc:2    | Identified the +7 dagger of Coer {freeze, rElec rC++ Int-2}
                  | (You bought it in a shop on level 2 of the Orcish Mines)
 26370 | Orc:2    | Found Ywnass's Weapon Shoppe.
 26684 | Orc:1    | Found a transporter.
 26895 | Orc:1    | Found a transporter.
 26898 | Orc:1    | Noticed an orc warlord
 27046 | Orc:1    | Killed an orc warlord
 27328 | Orc:2    | Bought a pitted dagger for 196 gold pieces
 27328 | Orc:2    | Identified the +1 dagger "Igrum" {vamp, rElec rPois Str+3}
                  | (You bought it in a shop on level 2 of the Orcish Mines)
 27356 | Elf:1    | Entered Level 1 of the Elven Halls
 28098 | Elf:1    | Noticed a deep elf elementalist
 28554 | Elf:1    | Killed a deep elf elementalist
 28659 | Elf:1    | Paralysed by an air elemental for 1 turns
 28761 | Elf:1    | Got Rapogiar's Book of Darkness
 28954 | Elf:1    | Found a radiant altar of Vehumet.
 28985 | Elf:1    | Found a transporter.
 28985 | Elf:1    | Found a transporter.
 29011 | Elf:1    | Found a bloodstained altar of Trog.
 29012 | Elf:1    | Noticed a deep elf blademaster
 29015 | Elf:1    | Noticed a deep elf blademaster
 29015 | Elf:1    | Noticed a deep elf blademaster
 29016 | Elf:1    | Noticed Himuck's ghost (adept OpFE)
 29020 | Elf:1    | Noticed a deep elf blademaster
 29023 | Elf:1    | Killed a deep elf blademaster
 29023 | Elf:1    | Killed a deep elf blademaster
 29024 | Elf:1    | Reached XP level 16. HP: 75/86 MP: 20/33
 29028 | Elf:1    | Killed a deep elf blademaster
 29029 | Elf:1    | Killed a deep elf blademaster
 29554 | Elf:1    | Got Buhenuiv's Grimoire of Bruises
 29585 | Elf:1    | Learned a level 3 spell: Ozocubu's Armour
 30131 | Elf:2    | Reached skill level 10 in Dodging
 30275 | Elf:2    | Found Jil Poni's General Store.
 30409 | Elf:2    | Found Xobigg's General Store.
 30413 | Elf:2    | Found Zocvil's Weapon Emporium.
 30428 | Elf:2    | Bought 3 curare-tipped darts for 64 gold pieces
 30532 | Elf:2    | Found Ceciocw's General Store.
 30566 | Elf:2    | Found a runed translucent gate.
 30566 | Elf:2    | Found a runed translucent gate.
 30566 | Elf:2    | Found a runed translucent gate.
 30604 | Elf:2    | Reached skill level 5 in Ice Magic
 30940 | Elf:2    | Killed from afar by a deep elf zephyrmancer

Illustrated notes

Levels and vault maps discovered:
D:1:      lemuel_arrival_broad_hall, layout_basic, minmay_hexomino_r4
D:2:      layout_loops_corners
D:3:      layout_rooms
D:4:      layout_rooms, mainiacjoe_overflow_alcove_4,
          gammafunk_temple_overflow_arena, mainiacjoe_overflow_brackets,
          gammafunk_ghost_necromancy, uniq_pikel, uniq_robin
D:5:      minmay_spotlight, layout_basic, mainiacjoe_overflow_small_starburst,
          uniq_blork_the_orc
D:6:      layout_gridville, gammafunk_temple_overflow_statue, minitemple
D:7:      layout_rooms, nicolae_overflow_hidden_temple,
          mainiacjoe_overflow_surrounded_room, lemuel_temple_firewalk_b,
          corexii_leaking_fountain, kennysheep_small_circle, uniq_duvessa
D:8:      layout_basic, nicolae_ea-nasir_strikes_again, uniq_maurice
D:9:      layout_rooms, nicolae_gozag_cash_rules_everything_around_me,
          enter_bailey_5, minmay_increasing_density
D:10:     layout_roguey, nicolae_overflow_crystal_walls, david_lair_shrubbed,
          orc_0_dummy, serial_shops, nicolae_shop_real_fake_doors,
          water_maze_lemuel
Lair:1:   layout_misc_corridors, serial_bayou_shore_b, grunt_megastairs_1
Lair:2:   layout_regular_city, swamp_mist_pool
Lair:3:   layout_small_grid, spider_nest_entry_a, ebering_ghost_reflecting_pool,
          bh_autumn_forest_stairs, hellmonk_guarded_unrand_vines
Lair:4:   layout_layer_cave, gammafunk_lair_bear_cave, uniq_nessos, uniq_kirke
Lair:5:   due_jungle_book, layout_gridlike, dpeg_slime_entry_enclosed
Orc:1:    gammafunk_beogh_shrine, layout_diamond_mine, serial_shops, shop
Orc:2:    hellmonk_orc_salted, layout_caves, serial_shops,
          nicolae_shop_waterfront, nicolae_orc_sculptors_studio,
          nicolae_orc_beogh_chapel
Elf:1:    eino_elf_arrival_customs, layout_geoelf_grid, basic_altar,
          gammafunk_ghost_wrathful_warriors, nicolae_elf_blasts_and_bolts,
          minmay_elf_annihilation
Elf:2:    nicolae_elf_blades_splatter_lattice
          [nicolae_blade_entry_sentries_behind_glass], layout_rooms,
          serial_shops, shop, shop, nicolae_shop_tiny_statue_garden,
          nicolae_shop_behind_doors, corner_web_ring, lemuel_elevator

Skill      XL: |  1  2  3  4  5  6  7  8  9 10 11 12 13 14 15 16 |
---------------+-------------------------------------------------+-----
Stealth        | 3 4 5 6 |  6.0
Conjurations   | 2 4 5 6 7 8 9 10 11 | 11.9
Dodging        | 3 4 5 6 7 8 9 10 | 10.6
Hexes          | 1 2 3 4 5 6 |  6.2
Spellcasting   | 3 4 5 7 8 9 11 12 13 14 | 14.3
Fire Magic     | 4 5 6 7 8 9 10 12 14 | 14.0
Earth Magic    | 3 |  3.3
Shields        | 3 5 6 7 8 10 11 | 11.4
Summonings     | 2 4 5 7 |  7.0
Alchemy        | 3 |  3.0
Ice Magic      | 2 4 5 |  5.2

Action                     |  1- 3 |  4- 6 |  7- 9 | 10-12 | 13-15 | 16-18 || total
---------------------------+-------+-------+-------+-------+-------+-------++-------
  Melee: Unarmed           |    14 |       |       |       |       |       ||    14
         Tentacles         |     6 |     7 |    13 |    12 |    16 |     1 ||    55
         Constrict         |     4 |    14 |    10 |     6 |    15 |     1 ||    50
         Staff             |     1 |     3 |    33 |    37 |    48 |     3 ||   125
         Flail             |       |    39 |     6 |       |       |       ||    45
         Punch             |       |     1 |     1 |       |     1 |       ||     3
         Short sword       |       |       |       |       |     1 |       ||     1
   Cast: Foxfire           |    48 |    67 |   107 |   298 |   350 |     5 ||   875
         Scorch            |       |     9 |    55 |    90 |   251 |     8 ||   413
         Flame Wave        |       |       |     6 |    25 |    75 |     5 ||   111
         Inner Flame       |       |       |     5 |    39 |    61 |     1 ||   106
         Summon Small Mamm |       |       |       |    10 |    13 |     2 ||    25
         Brom's Barrelling |       |       |       |     6 |    47 |    12 ||    65
         Mephitic Cloud    |       |       |       |     6 |    57 |     5 ||    68
         Iskenderun's Myst |       |       |       |       |    44 |    31 ||    75
         Fireball          |       |       |       |       |    34 |    20 ||    54
         Metabolic Englaci |       |       |       |       |    14 |     2 ||    16
         Stone Arrow       |       |       |       |       |     3 |       ||     3
         Ozocubu's Armour  |       |       |       |       |       |     1 ||     1
  Evoke: Wand              |       |       |     1 |     4 |     2 |     2 ||     9
         Phantom mirror    |       |       |       |       |     1 |       ||     1
    Use: Scroll            |       |       |    17 |     9 |    11 |       ||    37
         Potion            |       |       |       |     2 |    10 |     3 ||    15
   Stab: Sleeping          |       |     1 |     4 |       |     1 |       ||     6
         Confused          |       |       |       |     1 |     1 |       ||     2
 Armour: Skin              |    11 |    42 |    49 |    56 |   220 |    30 ||   408
  Dodge: Dodged            |     8 |    50 |    41 |    40 |   125 |    15 ||   279
  Block: Kite shield       |       |       |       |    36 |   146 |     6 ||   188

Table legend: (Time is in decaauts)
 A = Elapsed time spent in this place.
 B = Non-inter-level travel time spent in this place.
 C = Inter-level travel time spent in this place.
 D = Time resting spent in this place.
 E = Time spent auto-exploring this place.
 F = Levels seen in this place.
 G = Mean time per level.
                   A        B        C        D        E       F      G
               +--------+--------+--------+--------+--------+-----+--------+
         Total |  30989 |  30127 |    862 |   4039 |  18302 |  20 | 1549.4 |
       Dungeon |  11828 |  11366 |    462 |   1018 |   7908 |  10 | 1182.8 |
          Lair |  10486 |  10168 |    318 |   1224 |   6634 |   5 | 2097.2 |
  Orcish Mines |   3745 |   3693 |     52 |    723 |   1502 |   2 | 1872.5 |
   Elven Halls |   3588 |   3560 |     28 |    785 |   1711 |   2 | 1794.0 |
        Bailey |   1339 |   1339 |      0 |    289 |    547 |   1 | 1339.0 |
               +--------+--------+--------+--------+--------+-----+--------+

Top non-repeatable levels by time:
  Lair:5: 3539 daAuts
   Elf:1: 2860 daAuts
  Lair:4: 2782 daAuts
   Orc:1: 2038 daAuts
   Orc:2: 1707 daAuts
  Lair:3: 1678 daAuts
    D:10: 1534 daAuts
     D:8: 1517 daAuts
  Bailey: 1339 daAuts
     D:5: 1258 daAuts
  Lair:1: 1246 daAuts
  Lair:2: 1239 daAuts
     D:2: 1232 daAuts
     D:1: 1181 daAuts
     D:6: 1109 daAuts
